 Dungeon Crawl Stone Soup version 0.20-a0-941-gba1b1f9 (webtiles) character file.

864 Gorglomux the Skirmisher (level 7, -12/87 HPs)
             Began as a Demigod Wanderer on Mar 31, 2017.
             Killed from afar by Dowan (14 damage)
             ... with a shard of ice
             ... on level 7 of the Dungeon.
             The game lasted 00:17:35 (6561 turns).

Gorglomux the Skirmisher (Demigod Wanderer)         Turns: 6561, Time: 00:17:37

Health: -12/87     AC: 11    Str: 21    XL:     7   Next: 44%
Magic:  0/13       EV: 12    Int: 16    God:
Gold:   309        SH:  0    Dex: 18    Spells: 5/10 levels left

rFire    . . .     SeeInvis .   a - +0 whip (flame)
rCold    . . .     Gourm    .   (no shield)
rNeg     . . .     Faith    .   K - +0 leather armour
rPois    .         Spirit   +   (no helmet)
rElec    .         Reflect  .   O - scarf {Spirit}
rCorr    .         Harm     .   J - +1 pair of gloves
MR       .....                  (no boots)
Stlth    ..........             (no amulet)
Regen    0.3/turn               (no ring)
MPRegen  0.2/turn               (no ring)

@: berserking, icy armour, glowing, very quick
A: high mp 1
a: no special abilities


You were on level 7 of the Dungeon.
You were very hungry.

You visited 1 branch of the dungeon, and saw 7 of its levels.

You collected 309 gold pieces.

Inventory:

Hand Weapons
 a - a +0 whip of flaming (weapon)
 b - a +0 shortbow
 e - a +0 dagger
 D - a +1 hand axe of chopping
Missiles
 L - 6 javelins (quivered)
 U - 121 arrows
 Z - 74 stones
Armour
 d - a +0 robe
 J - a +1 pair of gloves (worn)
 K - a +0 leather armour (worn)
 O - a scarf of spirit shield (worn)
Wands
 C - a wand of confusion (12/48)
 E - a wand of enslavement (11/24)
 I - a wand of iceblast (8/15)
 S - a wand of flame (14/48)
Scrolls
 s - 4 scrolls of remove curse
 v - a scroll of noise {unknown}
 w - 2 scrolls of enchant armour
 x - a scroll of amnesia {unknown}
 y - 2 scrolls of recharging {unknown}
 M - 2 scrolls of magic mapping
 T - 2 scrolls of teleportation
 Y - 3 scrolls of fear
Potions
 g - a potion of might
 B - a potion of cancellation
 F - a potion of ambrosia
 N - a potion of invisibility
 Q - a potion of degeneration
 V - 2 potions of curing
 X - 3 potions of flight
Books
 z - Hygohuk's Tome of Ice

   Spells                             Type                      Level
   a - Freeze                         Ice                          1
   b - Ozocubu's Armour               Charms/Ice                   3
 H - a book of Conjurations

   Spells                             Type                      Level
   a - Magic Dart                     Conjuration                  1
   b - Searing Ray                    Conjuration                  2
   c - Dazzling Spray                 Conjuration/Hexes            3
   d - Fulminant Prism                Conjuration/Hexes            4
   e - Force Lance                    Conjuration/Translocation    4
   f - Iskenderun's Mystic Blast      Conjuration                  4
 W - a book of Cantrips

   Spells                             Type                      Level
   a - Confusing Touch                Hexes                        1
   b - Animate Skeleton               Necromancy                   1
   c - Summon Small Mammal            Summoning                    1
   d - Apportation                    Translocation                1
Comestibles
 f - 4 bread rations
 t - 2 meat rations
 A - 4 fruits
 P - 3 royal jellies


   Skills:
 + Level 3.8 Fighting
 + Level 3.4 Maces & Flails
 - Level 1.0 Bows
 + Level 2.0 Armour
 - Level 1.4 Dodging
   Level 1.0 Shields
 + Level 2.2 Spellcasting
 + Level 3.6 Charms
   Level 1.0 Translocations
 + Level 3.5 Ice Magic
 - Level 1.0 Evocations


You had 5 spell levels left.
You knew the following spells:

 Your Spells              Type           Power        Failure   Level  Hunger
a - Freeze                Ice            ##..         6%          1    #......
h - Ozocubu's Armour      Chrm/Ice       ##......     17%         3    ###....
A - Animate Skeleton      Necr           N/A          24%         1    #......


Dungeon Overview and Level Annotations

Branches:
Dungeon (7/15)             Temple (0/1) D:5

Annotations:
D:7 Dowan


Innate Abilities, Weirdness & Mutations

You have an increased reservoir of magic. (+10% MP)


Message History

Unknown command.
Evoke which item? (* to show all) (? for menu, Esc to quit)
Okay, then.
You hit Duvessa. You burn Duvessa.
Duvessa is almost dead.
Dowan barely misses you. Duvessa hits you with a rapier.
* * * LOW HITPOINT WARNING * * *
Dowan barely misses you.
A red film seems to cover your vision as you go berserk!
You feel yourself moving faster!
You feel mighty! Duvessa closely misses you. Dowan hits you but does no damage.
Duvessa hits you with a rapier.
* * * LOW HITPOINT WARNING * * *
You hit Duvessa. You burn Duvessa.
You kill Duvessa!
Dowan screams, "No!
No!"
Dowan seems to find hidden reserves of power!
Your Armour skill increases to level 2!
Dowan points at you and mumbles some strange words.
The shard of ice hits you!
You die...

#. #. #. #
#. ###
#.##. ..
#....#.###
#.!e.[.#
#.)@.#
#..#.# #..
.# #.. .#
#.. .# #..
.# #.. .#
#.. .#


You could see Dowan.

Vanquished Creatures
  Duvessa (D:7)
  An ogre (D:4)
  A centaur (D:5)
  Blork the orc (D:5)
  A scorpion (D:6)
  A jelly (D:5)
  4 hounds
  Terence (D:3)
  Jessica (D:3)
  Ijyb (D:3)
  A worker ant (D:5)
  2 hound skeletons
  9 adders
  2 oozes
  An adder skeleton (D:4)
  4 worms
  A dart slug (D:4)
  2 leopard geckos
  8 orcs
  A ball python (D:3)
  3 bats
  5 giant cockroaches
  9 goblins
  6 hobgoblins
  5 quokkas
  7 frilled lizards
  6 kobolds
  A quokka skeleton (D:4)
  9 rats
95 creatures vanquished.

Vanquished Creatures (collateral kills)
  An iguana (D:6)
1 creature vanquished.

Grand Total: 96 creatures vanquished

Notes
Turn   | Place    | Note
-------+----------+-------------------------------------------
     0 | D:1      | Gorglomux the Demigod Wanderer began the quest for the Orb.
     0 | D:1      | Gorglomux set off with: Hygohuk's Tome of Ice, a +0 robe, a +0 dagger, a bread ration, a wand of confusion (15/48), a scroll of teleportation
     0 | D:1      | Reached XP level 1. HP: 16/16 MP: 5/5
     0 | D:1      | Identified Hygohuk's Tome of Ice
     2 | D:1      | Learned a level 1 spell: Freeze
   357 | D:1      | Found a shattered altar of Ashenzari.
   645 | D:1      | Reached XP level 2. HP: 23/23 MP: 4/7
   958 | D:2      | Reached skill level 1 in Dodging
  1653 | D:2      | Learned a level 1 spell: Animate Skeleton
  1741 | D:2      | Reached skill level 1 in Ice Magic
  1741 | D:2      | Reached XP level 3. HP: 26/29 MP: 0/8
  1958 | D:2      | Learned a level 3 spell: Ozocubu's Armour
  2205 | D:2      | Reached skill level 1 in Maces & Flails
  2789 | D:2      | Reached XP level 4. HP: 23/36 MP: 1/9
  3024 | D:3      | Found a bloodstained altar of Trog.
  3070 | D:3      | Noticed Ijyb
  3092 | D:3      | Killed Ijyb
  3588 | D:3      | Noticed Jessica
  3613 | D:3      | Killed Jessica
  3613 | D:3      | Reached XP level 5. HP: 40/42 MP: 4/10
  4034 | D:3      | Noticed Terence
  4079 | D:3      | Killed Terence
  4587 | D:4      | Found a radiant altar of Vehumet.
  4748 | D:4      | Noticed an ogre
  4759 | D:4      | Killed an ogre
  4759 | D:4      | Reached skill level 3 in Fighting
  4759 | D:4      | Reached XP level 6. HP: 22/51 MP: 0/11
  4985 | D:4      | Reached skill level 3 in Charms
  5079 | D:5      | Entered Level 5 of the Dungeon
  5080 | D:5      | Noticed Blork the orc
  5090 | D:5      | Killed Blork the orc
  5090 | D:5      | Reached skill level 3 in Ice Magic
  5148 | D:5      | Found a staircase to the Ecumenical Temple.
  5471 | D:5      | Reached skill level 3 in Maces & Flails
  5576 | D:5      | Reached XP level 7. HP: 57/57 MP: 10/12
  6536 | D:7      | Noticed Duvessa
  6536 | D:7      | Noticed Dowan
  6560 | D:7      | HP: 1/87 [Duvessa/rapier (3)]
  6561 | D:7      | Killed Duvessa
  6561 | D:7      | Killed from afar by Dowan

Vault maps used:
D:1:      lightli_arrival_maybe_door_vault, minmay_misc_feat_encased,
          ashenzari_altar_1
D:3:      bloody_trog, uniq_jessica, uniq_iyjb, uniq_terence
D:4:      vehumet_altar_wand_db, first_bread, guppyfry_early_lair_pool
D:5:      minmay_temple_entry_glass, uniq_blork_the_orc
D:7:      black_bear_nest_1, uniq_duvessa

Skill      XL: |  1  2  3  4  5  6  7 |
---------------+----------------------+-----
Dodging        | 1 |  1.4
Ice Magic      | 1 2 3 |  3.5
Fighting       | 2 3 |  3.8
Maces & Flails | 1 2 3 |  3.4
Charms         | 2 3 |  3.6
Spellcasting   | 2 |  2.2
Armour         | 2 |  2.0
Bows           | |  1.0
Shields        | |  1.0
Translocations | |  1.0
Evocations     | |  1.0

Action                   |  1- 3 |  4- 6 |  7- 9 || total
-------------------------+-------+-------+-------++-------
Melee: Dagger            |    17 |       |       ||    17
       Whip              |    42 |   228 |    53 ||   323
 Fire: Shortbow          |       |     8 |       ||     8
Throw: Javelin           |     5 |       |       ||     5
 Cast: Freeze            |    71 |    43 |    12 ||   126
       Ozocubu's Armour  |       |     5 |     2 ||     7
       Animate Skeleton  |       |     1 |     2 ||     3
Evoke: Wand              |     1 |     1 |     1 ||     3
  Use: Potion            |     2 |       |     2 ||     4
       Scroll            |       |     9 |     5 ||    14
 Stab: Sleeping          |     1 |       |       ||     1
  Eat: Chunk             |     7 |    12 |     3 ||    22
Armor: Robe              |    19 |     4 |       ||    23
       Leather armour    |       |    56 |    23 ||    79
Dodge: Dodged            |    75 |   135 |    42 ||   252
